 Dungeon Crawl Stone Soup version 0.18.1-8-gdd0e5ea (webtiles) character file.

28 mistymad the Ruffian (level 3, 0/31 HPs)
             Began as a Naga Transmuter on May 21, 2016.
             Slain by an orc
             ... wielding a +0 club
              (2 damage)
             ... on level 1 of the Dungeon.
             The game lasted 00:02:35 (1758 turns).

mistymad the Ruffian (Naga Transmuter)              Turns: 1758, Time: 00:02:36

Health: 0/31       AC:  2    Str: 12    XL:     3   Next: 14%
Magic:  4/6        EV: 10    Int: 14    God:
Gold:   27         SH:  0    Dex: 11    Spells: 2 memorised, 3 levels left

rFire  . . .     SeeInvis +       - Unarmed
rCold  . . .     Gourm    .     b - +0 robe
rNeg   . . .     Faith    .     (no shield)
rPois  +         Spirit   .     (no helmet)
rElec  .         Dismiss  .     (no cloak)
rCorr  .         Reflect  .     (no gloves)
SustAt .         Harm     .     (no barding)
MR     .....                    (no amulet)
Stlth  +.........               (no ring)
                                (no ring)

@: appendage (expiring), very slow, not resistant to hostile enchantments, very
unstealthy
A: horns 2, see invisible, deformed body, poison resistance, slowness 2, slow
metabolism 1, spit poison 2, AC +1
a: Spit Poison, End Transformation


You were on level 1 of the Dungeon.
You were not hungry.
You had grown temporary horns.
You visited 1 branch of the dungeon, and saw 1 of its levels.

You collected 27 gold pieces.

Inventory:

Missiles
 a - 11 arrows
Armour
 b - a +0 robe (worn)
Scrolls
 e - a scroll of noise {unknown}
 f - a scroll of remove curse {unknown}
 h - a scroll of random uselessness {unknown}
Books
 c - a book of Changes

   Spells                             Type                      Level
   a - Beastly Appendage              Transmutation                1
   b - Sticks to Snakes               Transmutation                2
   c - Spider Form                    Transmutation/Poison         3
   d - Ice Form                       Ice/Transmutation            4
   e - Blade Hands                    Transmutation                5
Comestibles
 d - a bread ration


   Skills:
 + Level 1.2 Fighting
 + Level 2.0 Dodging
 + Level 3.2 Unarmed Combat
 + Level 2.1 Spellcasting
 + Level 2.4 Transmutations


You had 3 spell levels left.
You knew the following spells:

 Your Spells              Type           Power        Failure   Level  Hunger
a - Beastly Appendage     Trmt           #.....       10%         1    #......
b - Sticks to Snakes      Trmt           #.......     14%         2    ###....


Dungeon Overview and Level Annotations

Branches:
Dungeon (1/15)

Altars:


Innate Abilities, Weirdness & Mutations

You cannot wear boots.
Your serpentine skin is tough (AC +1).
You have supernaturally acute eyesight.
Armour fits poorly on your strangely shaped body.
Your system is resistant to poisons.
You cover ground very slowly.
You have a slow metabolism.
You can spit poison.
You have a pair of horns on your head.


Message History

The orc hits you with a club.
You hit the orc but do no damage.
The orc is lightly wounded.
The orc hits you with a club!
* * * LOW HITPOINT WARNING * * *
You barely miss the orc. Your headbutt misses the orc.
The orc is lightly wounded.
Your transformation is almost over.
You hit the orc but do no damage. Your headbutt misses the orc.
The orc is lightly wounded.
The orc barely misses you.
An orc comes into view. It is wielding a club.
You hit the orc. Your headbutt misses the orc.
The orc is almost dead.
The orc hits you with a club.
* * * LOW HITPOINT WARNING * * *
You hit the orc but do no damage.
The orc is almost dead.
The orc hits you with a club.
You die...

#.###..........#.##.....##....#..
#.##...###...........#.#####.....
(....................#..# #..#..
#[###.......#######.....# #....#
#.###.......##...##..#### ##.#..#
..##(.......#.###.#o.# #......
##.......#..#.#⌠#oo..# #......
...##.......#.#'#o#..# #......
#####.......'#..@##..## #...... #
#...#....#######...#####...... #
#.#.#.#.........<..#.......... #
##.#>.......................... #
#..#..#...##########...........
###.##..##### #...)............
....##..# #................
####...## #................
#...## #................


You could see 4 orcs.

Vanquished Creatures
  A worm (D:1)
  2 giant cockroaches (D:1)
  3 goblins (D:1)
  2 hobgoblins (D:1)
  3 jackals (D:1)
  3 kobolds (D:1)
  5 bats (D:1)
  3 giant newts (D:1)
  A rat (D:1)
23 creatures vanquished.

Notes
Turn   | Place    | Note
--------------------------------------------------------------
     0 | D:1      | mistymad the Naga Transmuter began the quest for the Orb.
     0 | D:1      | Reached XP level 1. HP: 18/18 MP: 3/3
   248 | D:1      | Reached XP level 2. HP: 10/25 MP: 3/5
   375 | D:1      | HP: 1/25 [kobold/whip (5)]
  1490 | D:1      | Reached XP level 3. HP: 31/31 MP: 6/6
  1497 | D:1      | Learned a level 2 spell: Sticks to Snakes
  1758 | D:1      | Slain by an orc

Skill      XL: |  1  2 |
---------------+-------+-----
Dodging        | 2 |  2.0
Fighting       | |  1.2
Unarmed Combat | |  3.2
Spellcasting   | |  2.1
Transmutations | |  2.4

Action                   || total
-------------------------++-------
Melee: Unarmed           ||   130
       Headbutt          ||     7
       Punch             ||     4
 Cast: Beastly Appendage ||    11
       Sticks to Snakes  ||     1
 Abil: Spit Poison       ||     1
  Eat: Chunk             ||     2
Armor: Robe              ||    32
Dodge: Dodged            ||   101
